 Dungeon Crawl Stone Soup version 0.22-a0-362-g535178c (webtiles) character file.

389 Amnesiac the Grave Robber (level 6, -3/46 HPs)
             Began as a Mummy Necromancer on Apr 20, 2018.
             Slain by Edmund
             ... wielding a +5 dire flail of draining
              (9 damage)
             ... on level 4 of the Dungeon.
             The game lasted 00:05:21 (2449 turns).

Amnesiac the Grave Robber (Mummy Necromancer)       Turns: 2449, Time: 00:05:22

Health: -3/46      AC:  5    Str: 11    XL:     6   Next: 49%
Magic:  6/12       EV: 16    Int: 22    God:
Gold:   65         SH:  0    Dex: 12    Spells: 9/13 levels left

rFire    . . .     SeeInvis .   b - +1 dagger (venom)
rCold    + . .     Gourm    .   (no shield)
rNeg     + + +     Faith    .   k - +1 leather armour {rF+}
rPois    ∞         Spirit   .   c - +0 helmet
rElec    .         Reflect  .   (no cloak)
rCorr    .         Harm     +   (no gloves)
MR       .....                  (no boots)
Stlth    +.........             e - amulet of harm
HPRegen  0.15/turn              d - +5 ring of intelligence
MPRegen  0.13/turn              m - +3 ring of evasion

@: no status effects
A: no food or potions, fire vulnerability, cold resistance 1, negative energy
resistance 3, torment resistance, unbreathing
a: no special abilities


You were on level 4 of the Dungeon.
You were not hungry.

You visited 1 branch of the dungeon, and saw 6 of its levels.

You collected 247 gold pieces.
You spent 182 gold pieces at shops.

Inventory:

Hand Weapons
 a - a +0 hunting sling
 b - a +1 dagger of venom (weapon)
Missiles
 i - 86 stones (quivered)
Armour
 c - a +0 helmet (worn)
 k - a +1 leather armour of fire resistance (worn)
Jewellery
 d - a +5 ring of intelligence (left hand)
 e - an amulet of harm (around neck)
 m - a +3 ring of evasion (right hand)
Wands
 f - a wand of digging (7)
 l - a wand of flame (28)
Scrolls
 g - a scroll of magic mapping {!r, unknown}
 h - a scroll of enchant weapon {!r, unknown}
 j - 2 scrolls of identify {!r, unknown}


   Skills:
 + Level 2.6 Fighting
 * Level 3.8 Dodging
 - Level 1.5 Stealth
 + Level 4.4 Spellcasting
 + Level 5.0 Necromancy


You had 9 spell levels left.
You knew the following spells:

 Your Spells              Type           Power        Failure   Level  Hunger
a - Pain                  Necr           ####         1%          1    N/A
d - Vampiric Draining     Necr           ####......   5%          3    N/A

Dungeon Overview and Level Annotations

Branches:
Dungeon (6/15)
 Temple: D:4-7

Altars:
Fedhas
Qazlal
Ru
Vehumet
Yredelemnul

Shops:
D:4 *   D:5 [

Annotations:
D:4 Edmund
D:5 Dowan, Duvessa


Innate Abilities, Weirdness & Mutations

You do not eat or drink.
Your flesh is vulnerable to fire.
You are immune to poison.
Your flesh is cold resistant. (rC+)
You are immune to negative energy. (rN+++)
You are immune to unholy pain and torment.
You can survive without breathing.


Message History

You barely miss Edmund. You hit Edmund.
Edmund is poisoned.
Edmund is lightly wounded.
Edmund hits you with a dire flail of draining.
You hit Edmund but do no damage.
Edmund looks as sick as possible!
Edmund is lightly wounded.
Edmund hits you with a dire flail of draining.
You hit Edmund but do no damage.
Edmund looks as sick as possible!
Edmund is lightly wounded.
Edmund barely misses you.
You hit Edmund.
Edmund is lightly wounded.
Edmund hits you with a dire flail of draining!
You hit Edmund.
Edmund is moderately wounded.
Edmund drinks a potion.
Edmund is healed!
Edmund looks more healthy.
Things that are here:
a dagger; a robe; an orc corpse You hit Edmund but do no damage.
Edmund is lightly wounded.
Edmund closely misses you.
You hit Edmund but do no damage.
Edmund is poisoned.
Edmund is lightly wounded.
Edmund hits you but does no damage.
You barely miss Edmund.
Edmund is lightly wounded.
Edmund misses you.
You hit Edmund but do no damage.
Edmund looks even sicker.
Edmund is lightly wounded.
Edmund hits you with a dire flail of draining.
You hit Edmund.
Edmund looks as sick as possible!
Edmund is lightly wounded.
Edmund drinks a potion.
Edmund is healed!
Edmund looks more healthy.
You hit Edmund.
Edmund is poisoned.
Edmund is lightly wounded.
Edmund hits you with a dire flail of draining.
* * * LOW HITPOINT WARNING * * *
You hit Edmund but do no damage.
Edmund looks as sick as possible!
Edmund is lightly wounded.
You hit Edmund but do no damage.
Edmund looks as sick as possible!
Edmund is lightly wounded.
Edmund says, "You wouldn't believe how much I paid for this flail."
Edmund hits you with a dire flail of draining!
* * * LOW HITPOINT WARNING * * *
You are too injured to fight recklessly!
Casting: Vampiric Draining (safe; 5% risk of failure)
Confirm with . or Enter, or press ? or * to list all spells.
Aiming: Vampiric Draining (safe; 5% risk of failure)
Press: ? - help, Shift-Dir - straight line, f - Edmund
Aim: Edmund, wielding a dire flail of draining and wearing a scale mail (moderately wounded, poisoned) Edmund is severely wounded.
You feel life coursing into your body.
Edmund hits you with a dire flail of draining!
* * * LOW HITPOINT WARNING * * *
Unknown command.
Casting: Vampiric Draining (safe; 5% risk of failure)
Confirm with . or Enter, or press ? or * to list all spells.
Aiming: Vampiric Draining (safe; 5% risk of failure)
Press: ? - help, Shift-Dir - straight line, f/p - Edmund
Aim: Edmund, wielding a dire flail of draining and wearing a scale mail (severely wounded, poisoned) Edmund is almost dead.
You feel life coursing into your body.
Edmund hits you with a dire flail of draining!
You die...

#....'......+...
#....#......##.######
#....#......##.......
#....#............#
#....#........(...#
#....#.....†......#
#...)#########'####
#####....)......##.#########
...........(..@@........).>#
##........#####.##.#######)#
#.######.# #.##.# #.# #. #.#
#.##.# #.# # #.# #.##.# #.#
#.# #.##(# #.# #)# #....#
#.# #.# ###..#######.#
####'#### #..........#


You could see Edmund.

Vanquished Creatures
  A killer bee (D:4)
  A howler monkey (D:4)
  A centaur zombie (D:5)
  2 hounds
  2 orc wizards (D:4)
  An orc priest (D:3)
  A worker ant (D:5)
  3 gnolls (D:4)
  3 adders
  2 oozes
  3 worms
  A leopard gecko (D:2)
  5 orcs (D:3)
  4 goblins
  2 hobgoblins (D:2)
  2 jackals (D:2)
  2 kobolds
  A quokka (D:4)
  2 bats
  2 frilled lizards
41 creatures vanquished.

Notes
Turn   | Place    | Note
-------+----------+-------------------------------------------
     0 | D:1      | Amnesiac the Mummy Necromancer began the quest for the Orb.
     0 | D:1      | Reached XP level 1. HP: 13/13 MP: 4/4
   217 | D:2      | Reached XP level 2. HP: 19/20 MP: 1/5
   670 | D:2      | Reached skill level 1 in Fighting
   670 | D:2      | Reached XP level 3. HP: 21/26 MP: 7/7
   677 | D:2      | Learned a level 3 spell: Vampiric Draining
   919 | D:3      | Found a blossoming altar of Fedhas.
   952 | D:3      | Reached XP level 4. HP: 12/32 MP: 5/9
  1063 | D:4      | Found Xalatt's Assorted Antiques.
  1081 | D:4      | Found a basalt altar of Yredelemnul.
  1227 | D:5      | Entered Level 5 of the Dungeon
  1227 | D:5      | Found a sacrificial altar of Ru.
  1346 | D:5      | Found a stormy altar of Qazlal.
  1380 | D:5      | Found Xuth's Armour Shoppe.
  1411 | D:5      | Bought a +1 leather armour of fire resistance for 182 gold pieces
  1540 | D:4      | Reached XP level 5. HP: 31/38 MP: 10/10
  1579 | D:4      | Found a radiant altar of Vehumet.
  1617 | D:4      | Noticed Edmund
  2176 | D:5      | Noticed Duvessa
  2182 | D:5      | Noticed Dowan
  2203 | D:4      | Reached XP level 6. HP: 24/45 MP: 7/12
  2410 | D:4      | Reached skill level 5 in Necromancy
  2446 | D:4      | HP: 1/46 [Edmund/dire flail of draining (13)]
  2449 | D:4      | Slain by Edmund

Vault maps used:
D:1:      saegor_arrival_miasma
D:3:      bloody_trog, nicolae_overflow_crystal_walls,
          chequers_ecumenical_altar_island, led_sif_pool
D:4:      lemuel_doored_altar, first_ration, serial_shops,
          nicolae_shop_overgrown_old_shop, minmay_strange_pillars,
          vehumet_altar_wand_db, uniq_purgy, uniq_edmund
D:5:      basic_altar, serial_shops, shop_coins, grunt_qazlal_clouds,
          uniq_duvessa
D:6:      grunt_ministairs_1, uniq_eustachio

Skill      XL: |  1  2  3  4  5  6 |
---------------+-------------------+-----
Dodging        | 2 3 |  3.8
Spellcasting   | 3 4 |  4.4
Fighting       | 1 2 |  2.6
Necromancy     | 5 |  5.0
Stealth        | |  1.5

Action                   |  1- 3 |  4- 6 || total
-------------------------+-------+-------++-------
Melee: Unarmed           |     3 |       ||     3
       Dagger            |    55 |    92 ||   147
 Fire: Hunting sling     |       |    11 ||    11
 Cast: Pain              |    16 |     5 ||    21
       Vampiric Draining |       |    10 ||    10
 Stab: Sleeping          |     1 |       ||     1
Armor: Robe              |     6 |     5 ||    11
       Leather armour    |       |    11 ||    11
Dodge: Dodged            |    34 |   106 ||   140

Table legend:
 A = Spawn XP
 B = Non-spawn XP
 C = Spawn XP percentage of total XP
 D = Spawn monster count
 E = Non-spawn monster count
 F = Spawn count percentage of total count
 G = Total turns spent on level
                    A         B        C        D         E        F      G
               +---------+---------+-------+---------+---------+-------+---------
         Total |       0 |     556 |   0.0 |       0 |      41 |   0.0 |  2449
               +---------+---------+-------+---------+---------+-------+---------
           D:1 |       0 |      20 |   0.0 |       0 |       8 |   0.0 |   350
           D:2 |       0 |      29 |   0.0 |       0 |       7 |   0.0 |   606
           D:3 |       0 |      85 |   0.0 |       0 |      11 |   0.0 |   196
           D:4 |       0 |     287 |   0.0 |       0 |      10 |   0.0 |   517
           D:5 |       0 |     135 |   0.0 |       0 |       5 |   0.0 |   771
               +---------+---------+-------+---------+---------+-------+---------
